 Dungeon Crawl Stone Soup version 0.31-a0-210-gccc998df9b (webtiles) character file.

Game seed: 5968524341948467888

123470 qw the Severer (level 16, -5/108 HPs)
             Began as a Gargoyle Fighter on June 29, 2023.
             Was an Elder of Okawaru.
             Slain by an orc warlord
             ... wielding a +0 bardiche
              (43 damage)
             ... on level 2 of the Orcish Mines.
             The game lasted 00:16:45 (23692 turns).

qw the Severer (Gargoyle Fighter)                  Turns: 23692, Time: 00:16:46

Health: -5/108     AC: 41    Str: 31    XL:     16   Next: 90%
Magic:  23/23      EV: 10    Int: 12    God:    Okawaru [****..]
Gold:   2870       SH: 19    Dex:  9    Spells: 15/15 levels left

rFire   . . .        y - +1 war axe (vamp)
rCold   + . .        o - +0 tower shield
rNeg    + + .        c - +2 plate armour {rC+}
rPois   inf          n - +1 helmet {SInv}
rElec   +            k - scarf {repulsion}
rCorr   .            i - +1 pair of gloves
SInv    +            (no boots)
Will    +....        f - amulet of faith
Stlth   x              - ring "Bokhlet" {rN+ Str+6}
HPRegen 0.38/turn    F - +4 ring of protection
MPRegen 0.18/turn

%: repel missiles, faith
@: heroic, flying
A: sickness immunity, AC +12, big wings, negative energy resistance 1,
electricity resistance, torment resistance 1, petrification resistance
a: Renounce Religion, Heroism, Finesse


You were on level 2 of the Orcish Mines.
You worshipped Okawaru.
Okawaru was greatly pleased with you.
You visited 4 branches of the dungeon, and saw 23 of its levels.
You visited the Abyss 1 time.

You collected 2870 gold pieces.


Innate Abilities, Weirdness & Mutations

You are immune to sickness and miasma.
Your stone body is resilient. (AC +12)
You are immune to poison.
Your large and strong wings let you fly.
You resist negative energy. (rN+)
You are resistant to electric shocks. (rElec)
You are resistant to unholy torment.
You are immune to petrification.


   Skills:
 - Level 15.0(20.0) Fighting
 - Level 16.0(21.0) Axes
 - Level 6.3(11.3) Throwing
 - Level 12.2(17.2) Armour
 - Level 5.0(10.0) Dodging
 + Level 14.3(19.3) Shields
 - Level 10.0 Invocations


You had 15 spell levels left.
You didn't know any spells.
Your spell library was empty.

Inventory:

Hand Weapons
 h - a -1 demon whip of venom
 y - a +1 vampiric war axe (weapon)
 B - a +2 morningstar of holy wrath
 K - a +1 vampiric war axe
 L - a +0 broad axe
Missiles
 s - 2 boomerangs of dispersal
 w - 16 boomerangs
 C - a silver boomerang
 H - 3 javelins (quivered)
Armour
 c - a +2 plate armour of cold resistance (worn)
 i - a +1 pair of gloves (worn)
 k - a scarf of repulsion (worn)
 n - a +1 helmet of see invisible (worn)
 o - a +0 tower shield (worn)
 z - +0 acid dragon scales
 E - a +1 cloak of poison resistance
 G - a +8 chain mail of ponderousness
Jewellery
 f - an amulet of faith (around neck)
 q - an amulet of reflection
 u - a ring of resist corrosion
 x - the ring "Bokhlet" (left hand) {rN+ Str+6}
   (You found it on level 12 of the Dungeon)

   [ring of strength]

   Str:       It affects your strength (+6).
   rN:        It protects you from negative energy.
 F - a +4 ring of protection (right hand)
 I - a ring of protection from fire
Wands
 b - a wand of digging (2)
Scrolls
 l - 5 scrolls of brand weapon
 r - 10 scrolls of identify
 A - a scroll of teleportation
Potions
 a - 3 potions of magic
 d - 2 potions of might
 e - 3 potions of lignification
 g - 4 potions of curing
 j - 3 potions of attraction
 m - 2 potions of mutation
 p - 2 potions of enlightenment
 t - 2 potions of cancellation
 v - a potion of resistance
 J - 3 potions of haste

Dungeon Overview and Level Annotations

Branches:
Dungeon (15/15)            Temple (1/1) D:4            Lair (5/5) D:8
 Shoals (0/4) Lair:2        Snake (0/4) Lair:3        Slime (0/5) Lair:5
    Orc (2/2) D:12         Vaults (0/5) D:14         Depths (0/4) D:15
    Elf: Orc:2

Altars:
Ashenzari
Cheibriados
Dithmenos
Elyvilon
Fedhas
Gozag
Hepliaklqana
Kikubaaqudgha
Makhleb
Nemelex Xobeh
Okawaru
Qazlal
Ru
Sif Muna
Trog
Uskayaw
Vehumet
Wu Jian
Xom
Yredelemnul
Zin
The Shining One
Jiyva

Annotations:
D:11 Kirke
D:13 2 runed translucent doors, 2 transporters, Xyoprad's ghost, journeyman FoFi
D:14 3 runed translucent doors, qw's ghost, journeyman GrHs
D:15 1 runed translucent door
Lair:5 1 runed translucent door, qw's ghost, journeyman NaHu


Message History

The orc warrior hits you with a +0 short sword!
The orc warrior misses you.
An orc knight comes into view. It is wielding a +0 great mace.
You block the orc warrior's attack.
You slash the orc warrior!
The orc warrior is almost dead.
You hit the orc warrior.
You feel better.
You hit the orc.
You feel better.
You hit the orc warrior but do no damage.
The orc warlord no longer looks unusually strong.
The orc wizard no longer looks unusually strong.
The orc warrior no longer looks unusually strong.
The orc no longer looks unusually strong.
The orc warrior no longer looks unusually strong.
The orc priest invokes the aid of Beogh against you.
Beogh smites you!
The orc knight roars a battlecry!
The orcs go into a battle-frenzy!
You block the orc's attack.
The orc warlord roars a battlecry!
The orc wizard goes into a battle-frenzy!
The orc priest calls down the wrath of Beogh upon you.
Beogh smites you! You block the orc warrior's attack.
The orc warrior barely misses you.
The orc warlord hits you from afar with a +0 bardiche!!
The orc warrior hits you from afar with a +0 glaive!!
You slash the orc warrior!
You kill the orc warrior!
Okawaru accepts your kill.
You hit the orc warrior. You barely miss the orc. You hit the orc warrior.
You feel better.
You hit the orc warrior.
You feel better.
You kill the orc warrior!
Okawaru accepts your kill.
You slash the orc warrior!
You kill the orc warrior!
Okawaru accepts your kill.
You hit the orc.
You feel better.
You kill the orc!
The orc warlord hits you from afar with a +0 bardiche!!!
You die...

##.## #...# ##.##
##.## ### ####
##...# ##.##....
##.#.######.##.....
#.......#..##o.....
##.........#)oo....
###.......@)oT.#
##.......)ooo..#
#........#oooo...
##......#.##.ho...
#.........# #ooo..
##.......#.#


oo... ... ##..........# ..oo ....#.........#.# ..#. ................# You could
see 2 orc warlords, 2 orc knights, a troll, a warg, 5 orc warriors, 4 orc
priests, 3 orc wizards and 3 orcs.

Vanquished Creatures
  Rupert (D:12)
  An Executioner (Abyss:2)
  A tentacled starspawn (Abyss:1)
  A frost giant (D:15)
  Louise (D:15)
  2 very ugly things
  An orc warlord (D:12)
  A war gargoyle (D:15)
  Azrael (Orc:2)
  Snorg (D:10)
  An ettin (D:15)
  Josephine (D:12)
  4 hydras
  A great orb of eyes (Abyss:1)
  Erolcha (D:9)
  3 ogre magi
  5 vault guards (D:14)
  A rakshasa (Abyss:1)
  A centaur warrior (D:12)
  A boulder beetle (D:15)
  7 two-headed ogres
  A deep troll earth mage (D:15)
  A satyr (shapeshifter) (D:14)
  12 death yaks
  A demonic crawler (Abyss:2)
  An orc high priest (D:12)
  A skyshark (Lair:5)
  A fire crab (shapeshifter) (D:15)
  Amaemon (D:10)
  2 large abominations (Abyss:1)
  8 skeletal warriors
  A deep elf archer (D:14)
  2 deep trolls (D:15)
  A death drake (shapeshifter) (D:15)
  A spriggan simulacrum (Abyss:2)
  2 lindwurms
  A wizard (D:15)
  3 orc knights
  4 deep elf pyromancers (D:15)
  2 necromancers (D:15)
  A wolf spider (D:15)
  2 orc sorcerers (Orc:1)
  4 cyclopes
  16 ugly things
  4 manticores
  13 elephants
  A water nymph (Lair:2)
  Joseph (D:8)
  8 black mambas
  A smoke demon (Abyss:1)
  Maurice (D:8)
  2 orange demons
  2 gargoyles
  A torpor snail (Lair:4)
  Psyche (D:10)
  Maggie (D:6)
  11 cane toads
  A kobold demonologist (D:12)
  A guardian serpent (shapeshifter) (D:15)
  16 komodo dragons
  An unseen horror (D:10)
  A yaktaur (D:15)
  3 rime drakes
  2 freezing wraiths
  An ancient zyme (Abyss:1)
  A tengu conjurer (D:14)
  9 polar bears
  A merfolk (shapeshifter) (D:14)
  3 meliai (D:15)
  5 trolls
  4 hornets (Lair:5)
  24 blink frogs
  8 dream sheep (Lair:5)
  2 raiju (Abyss:1)
  12 slime creatures
  An air elemental (Abyss:1)
  3 vampires
  13 spriggans (Lair:5)
  3 shadows
  2 humans (D:14)
  51 yaks
  7 wraiths
  5 wyverns
  A ynoxinul (Abyss:1)
  2 basilisks
  2 fire elementals (Orc:2)
  Eustachio (D:5)
  7 hogs (D:12)
  4 vampire mosquitoes
  A chaos spawn (Abyss:1)
  3 wargs
  3 nagas (Lair:3)
  4 hell hounds (Orc:2)
  12 water moccasins
  4 ice beasts
  10 black bears
  39 orc warriors
  4 boggarts (Lair:5)
  11 ogres
  9 centaurs
  32 wolves
  2 phantoms
  8 kobold brigands
  18 bullfrogs
  3 small abominations (Abyss:1)
  5 necrophages (Lair:2)
  5 scorpions
  6 wights
  6 killer bees (D:8)
  3 howler monkeys (D:9)
  A crimson imp (D:5)
  5 hounds
  2 iron imps
  4 jellies
  17 orc priests
  A gnoll bouda (D:6)
  3 iguanas
  16 orc wizards
  5 hell rats (Lair:4)
  A mummy (D:7)
  7 gnolls
  8 adders
  3 shadow imps
  A white imp (D:5)
  4 ufetubi
  A worm (D:3)
  3 dart slugs
  60 orcs
  4 ball pythons
  4 bats
  5 endoplasms
  3 giant cockroaches
  6 goblins
  7 hobgoblins
  2 jackals (D:1)
  3 frilled lizards
  3 hobgoblin zombies (D:7)
  35 kobolds
  A kobold zombie (D:7)
  7 rats
  2 butterflies (Lair:5)
  A lurking horror (Abyss:1)
763 creatures vanquished.

Vanquished Creatures (others)
  A manticore (D:13)
  A floating eye (shapeshifter) (D:13)
  An orc warrior (Orc:2)
  An ogre (D:15)
  A kobold brigand (D:12)
  An orc wizard (D:5)
  A white imp (Abyss:1)
  An ufetubus (Abyss:1)
  An orc (D:5)
  3 starspawn tentacles (Abyss:1)
12 creatures vanquished.

Grand Total: 775 creatures vanquished

Notes
Turn   | Place    | Note
-------+----------+-------------------------------------------
     0 | D:1      | qw the Gargoyle Fighter began the quest for the Orb.
     0 | D:1      | Reached XP level 1. HP: 14/14 MP: 1/1
     0 | D:1      | 0 ||| qw: Version: 0.3-a-24-ga2abf7b
     0 | D:1      | 0 ||| qw: Game counter: 7015
     0 | D:1      | 0 ||| qw: Melee chars always use a shield: true
     0 | D:1      | 0 ||| qw: God list: Okawaru
     0 | D:1      | 0 ||| qw: Allow faded altars: false
     0 | D:1      | 0 ||| qw: Do Orc after clearing Dungeon:15 true
     0 | D:1      | 0 ||| qw: Do second Lair branch before Depths: true
     0 | D:1      | 0 ||| qw: Lair rune preference: random
     0 | D:1      | 0 ||| qw: Goals: Normal, Zot:1-4, Slime:5, God:TSO, Crypt,
                  | Tomb, Abyss, Pan, Hells, Win
     0 | D:1      | 0 ||| PLANNING D:1-11
    65 | D:1      | Reached skill level 2 in Axes
   155 | D:1      | Reached XP level 2. HP: 19/19 MP: 2/2
   536 | D:1      | Reached skill level 3 in Axes
   538 | D:1      | 538 ||| DROPPING +0 club.
   587 | D:1      | Found a faded altar of an unknown god.
   598 | D:1      | Reached XP level 3. HP: 23/23 MP: 3/3
   867 | D:1      | Found a shimmering blue altar of Sif Muna.
   940 | D:2      | You fall into a shaft and drop 2 floors!
   959 | D:4      | 959 ||| Stepping ~*~*~tactically~*~*~ (stealth).
   961 | D:4      | 961 ||| Stepping ~*~*~tactically~*~*~ (hiding).
   962 | D:4      | 962 ||| Stepping ~*~*~tactically~*~*~ (hiding).
   963 | D:4      | 963 ||| Stepping ~*~*~tactically~*~*~ (hiding).
  1164 | D:4      | 1164 ||| Stepping ~*~*~tactically~*~*~ (hiding).
  1165 | D:4      | 1165 ||| Stepping ~*~*~tactically~*~*~ (hiding).
  1167 | D:4      | 1167 ||| Stepping ~*~*~tactically~*~*~ (hiding).
  1192 | D:4      | Reached XP level 4. HP: 24/28 MP: 4/4
  1207 | D:4      | 1207 ||| DROPPING +0 whip.
  1221 | D:4      | Noticed a phantom
  1230 | D:4      | Killed a phantom
  1231 | D:4      | Reached skill level 4 in Axes
  1231 | D:4      | Reached XP level 5. HP: 32/32 MP: 5/5
  1236 | D:4      | Found a staircase to the Ecumenical Temple.
  1238 | D:4      | 1238 ||| PLANNING TEMPLE
  1246 | Temple   | Entered the Ecumenical Temple
  1247 | Temple   | 1247 ||| PLANNING OKAWARU WORSHIP
  1428 | Temple   | Became a worshipper of Warmaster Okawaru
  1429 | Temple   | 1429 ||| PLANNING D:1-11
  1458 | D:4      | 1458 ||| Stepping ~*~*~tactically~*~*~ (hiding).
  1498 | D:4      | 1498 ||| Stepping ~*~*~tactically~*~*~ (stealth).
  1499 | D:4      | 1499 ||| DRINKING 2 brown potions.
  1502 | D:4      | 1502 ||| Stepping ~*~*~tactically~*~*~ (hiding).
  1512 | D:4      | Reached skill level 5 in Axes
  1515 | D:4      | 1515 ||| Stepping ~*~*~tactically~*~*~ (stealth).
  1546 | D:3      | 1546 ||| DROPPING +0 mace.
  1605 | D:3      | 1605 ||| Stepping ~*~*~tactically~*~*~ (hiding).
  1720 | D:3      | 1720 ||| READING scroll labelled JIUNEC NYMU.
  1721 | D:3      | 1721 ||| DRINKING 2 clear potions.
  2133 | D:2      | 2133 ||| Stepping ~*~*~tactically~*~*~ (stealth).
  2381 | D:2      | 2381 ||| UPGRADING to scarf of repulsion.
  2386 | D:2      | 2386 ||| READING scroll labelled CIPLADOLIBO.
  2487 | D:2      | 2487 ||| READING scroll labelled MAICEU IKKIPLY.
  2488 | D:2      | 2488 ||| READING scroll labelled MIRUEMMOCAN.
  2588 | D:3      | Reached skill level 1 in Dodging
  2588 | D:3      | Reached XP level 6. HP: 36/38 MP: 6/6
  2976 | D:3      | Noticed an ice beast
  2985 | D:3      | Killed an ice beast
  3133 | D:3      | 3133 ||| UPGRADING to +4 ring of protection.
  3134 | D:3      | 3134 ||| READING scroll labelled XURPHE REHYGYO.
  3196 | D:4      | Reached skill level 6 in Axes
  3196 | D:4      | Reached XP level 7. HP: 15/43 MP: 7/7
  3505 | D:4      | Reached * piety under Okawaru
  3649 | D:4      | 3649 ||| READING scroll labelled PALAOTAID.
  3672 | D:5      | Entered Level 5 of the Dungeon
  3672 | D:5      | Noticed Eustachio
  3673 | D:5      | 3673 ||| Stepping ~*~*~tactically~*~*~ (hiding).
  3674 | D:5      | 3674 ||| INVOKING Heroism.
  3677 | D:5      | Killed Eustachio
  3678 | D:5      | Reached skill level 7 in Axes
  3688 | D:5      | Reached skill level 1 in Invocations
  3691 | D:5      | 3691 ||| INVOKING Heroism.
  3816 | D:5      | Reached XP level 8. HP: 48/48 MP: 9/9
  3830 | D:5      | 3830 ||| INVOKING Heroism.
  3848 | D:5      | Reached skill level 3 in Invocations
  3922 | D:5      | 3922 ||| READING 3 scrolls of brand weapon.
  3922 | D:5      | 3922 ||| BRANDING +0 war axe of venom.
  3923 | D:5      | 3923 ||| READING 2 scrolls of brand weapon.
  3923 | D:5      | 3923 ||| BRANDING +0 war axe of chaos.
  4076 | D:5      | Identified the +1 leather armour "Xoucoduj" {rElec Will+
                  | Int+2}
  4257 | D:5      | 4257 ||| INVOKING Heroism.
  4271 | D:5      | Reached skill level 1 in Throwing
  4506 | D:5      | 4506 ||| DROPPING scarf of invisibility.
  4507 | D:5      | 4507 ||| DROPPING +1 leather armour "Xoucoduj" {rElec Will+
                  | Int+2}.
  4508 | D:5      | 4508 ||| UPGRADING to +0 chain mail.
  4518 | D:5      | 4518 ||| DROPPING +0 scale mail.
  4519 | D:5      | 4519 ||| UPGRADING to amulet of the acrobat.
  4524 | D:5      | 4524 ||| READING scroll labelled USCHAY XUALOE.
  4525 | D:5      | 4525 ||| DRINKING 2 viscous emerald potions.
  4526 | D:5      | 4526 ||| DRINKING potion of curing.
  4526 | D:5      | 4526 ||| (to cure confusion)
  4527 | D:5      | 4527 ||| DROPPING potion of ambrosia.
  4711 | D:6      | 4711 ||| Stepping ~*~*~tactically~*~*~ (stealth).
  4716 | D:6      | 4716 ||| INVOKING Heroism.
  4852 | D:6      | 4852 ||| INVOKING Heroism.
  4881 | D:6      | Found a stormy altar of Qazlal.
  4917 | D:6      | 4917 ||| INVOKING Heroism.
  4921 | D:6      | 4921 ||| Stepping ~*~*~tactically~*~*~ (hiding).
  4949 | D:6      | 4949 ||| Stepping ~*~*~tactically~*~*~ (stealth).
  4954 | D:6      | 4954 ||| Stepping ~*~*~tactically~*~*~ (stealth).
  4955 | D:6      | 4955 ||| Stepping ~*~*~tactically~*~*~ (stealth).
  4975 | D:6      | Reached skill level 8 in Axes
  5012 | D:6      | Noticed Maggie
  5014 | D:6      | 5014 ||| Stepping ~*~*~tactically~*~*~ (hiding).
  5016 | D:6      | 5016 ||| INVOKING Heroism.
  5027 | D:6      | Killed Maggie
  5027 | D:6      | Reached ** piety under Okawaru
  5028 | D:6      | Reached XP level 9. HP: 57/57 MP: 10/12
  5432 | D:6      | 5432 ||| DROPPING orb of light.
  5433 | D:6      | 5433 ||| READING scroll labelled WOLOTH ITSATOG.
  5434 | D:6      | 5434 ||| DRINKING 2 fizzy white potions.
  5486 | D:6      | 5486 ||| DRINKING 2 fuming puce potions.
  5487 | D:6      | 5487 ||| READING 3 scrolls of identify.
  5487 | D:6      | 5487 ||| IDENTIFYING emerald potion
  5488 | D:6      | 5488 ||| READING 2 scrolls of identify.
  5488 | D:6      | 5488 ||| IDENTIFYING pink potion
  5489 | D:6      | 5489 ||| DROPPING potion of degeneration.
  5558 | D:7      | 5558 ||| INVOKING Heroism.
  5629 | D:7      | 5629 ||| Stepping ~*~*~tactically~*~*~ (stealth).
  5632 | D:7      | 5632 ||| Stepping ~*~*~tactically~*~*~ (hiding).
  5633 | D:7      | 5633 ||| Stepping ~*~*~tactically~*~*~ (hiding).
  5634 | D:7      | 5634 ||| Stepping ~*~*~tactically~*~*~ (hiding).
  5636 | D:7      | 5636 ||| Stepping ~*~*~tactically~*~*~ (hiding).
  5639 | D:7      | 5639 ||| INVOKING Heroism.
  5662 | D:7      | 5662 ||| Stepping ~*~*~tactically~*~*~ (hiding).
  5663 | D:7      | 5663 ||| Stepping ~*~*~tactically~*~*~ (hiding).
  5664 | D:7      | 5664 ||| Stepping ~*~*~tactically~*~*~ (hiding).
  5682 | D:7      | Reached skill level 9 in Axes
  5683 | D:7      | 5683 ||| Stepping ~*~*~tactically~*~*~ (stealth).
  5883 | D:7      | 5883 ||| DROPPING +0 war axe.
  5964 | D:7      | 5964 ||| Stepping ~*~*~tactically~*~*~ (stealth).
  6014 | D:7      | 6014 ||| INVOKING Heroism.
  6227 | D:7      | 6227 ||| UPGRADING to +0 pair of gloves.
  6232 | D:7      | 6232 ||| READING scroll of enchant armour.
  6232 | D:7      | 6232 ||| ENCHANTING +0 pair of gloves.
  6233 | D:7      | 6233 ||| UPGRADING to +6 ring of dexterity.
  6234 | D:7      | 6234 ||| READING scroll labelled JIYHAINOATH.
  6235 | D:7      | 6235 ||| READING 4 scrolls of identify.
  6235 | D:7      | 6235 ||| IDENTIFYING viscous silvery potion
  6236 | D:7      | 6236 ||| READING 3 scrolls of identify.
  6236 | D:7      | 6236 ||| IDENTIFYING blue potion
  6237 | D:7      | 6237 ||| READING 2 scrolls of identify.
  6237 | D:7      | 6237 ||| IDENTIFYING green potion
  6238 | D:7      | 6238 ||| DROPPING potion of berserk rage.
  6284 | D:8      | 6284 ||| Stepping ~*~*~tactically~*~*~ (stealth).
  6326 | D:8      | Found the +4 robe of Augmentation {Str+4 Int+4 Dex+4}
  6380 | D:8      | Noticed Joseph
  6388 | D:8      | Reached XP level 10. HP: 45/63 MP: 13/13
  6392 | D:8      | 6392 ||| INVOKING Heroism.
  6410 | D:8      | Killed Joseph
  6410 | D:8      | Reached *** piety under Okawaru
  6411 | D:8      | Reached skill level 10 in Axes
  6608 | D:8      | Noticed Maurice
  6609 | D:8      | 6609 ||| Stepping ~*~*~tactically~*~*~ (hiding).
  6621 | D:8      | 6621 ||| DRINKING 5 potions of curing.
  6621 | D:8      | 6621 ||| (to cure confusion)
  6623 | D:8      | 6623 ||| Stepping ~*~*~tactically~*~*~ (hiding).
  6624 | D:8      | 6624 ||| Stepping ~*~*~tactically~*~*~ (stealth).
  6636 | D:8      | Killed Maurice
  6657 | D:8      | Found a staircase to the Lair.
  6692 | D:8      | 6692 ||| Stepping ~*~*~tactically~*~*~ (stealth).
  6694 | D:8      | 6694 ||| Stepping ~*~*~tactically~*~*~ (stealth).
  6696 | D:8      | 6696 ||| Stepping ~*~*~tactically~*~*~ (hiding).
  7426 | D:8      | Found a snail-covered altar of Cheibriados.
  7427 | D:8      | 7427 ||| DROPPING +0 cloak.
  7428 | D:8      | 7428 ||| PLANNING LAIR
  7428 | D:8      | 7428 ||| DRINKING 4 bubbling red potions.
  7494 | Lair:1   | Entered Level 1 of the Lair of Beasts
  7500 | Lair:1   | Noticed an elephant
  7502 | Lair:1   | Noticed an elephant
  7503 | Lair:1   | Noticed an elephant
  7507 | Lair:1   | Reached skill level 3 in Throwing
  7516 | Lair:1   | 7516 ||| INVOKING Heroism.
  7526 | Lair:1   | Killed an elephant
  7526 | Lair:1   | Killed an elephant
  7526 | Lair:1   | Reached **** piety under Okawaru
  7527 | Lair:1   | Reached skill level 6 in Shields
  7544 | Lair:1   | Noticed an elephant
  7560 | Lair:1   | 7560 ||| INVOKING Heroism.
  7564 | Lair:1   | Killed an elephant
  7570 | Lair:1   | Killed an elephant
  7602 | Lair:1   | 7602 ||| FLEEEEING.
  7603 | Lair:1   | 7603 ||| FLEEEEING.
  7604 | Lair:1   | 7604 ||| FLEEEEING.
  7605 | Lair:1   | 7605 ||| STAIRDANCE
  7660 | Lair:1   | 7660 ||| INVOKING Heroism.
  7719 | Lair:1   | 7719 ||| DROPPING +0 flail.
  7720 | Lair:1   | 7720 ||| DROPPING +2 mace of holy wrath.
  7783 | Lair:1   | Noticed a black mamba
  7784 | Lair:1   | 7784 ||| INVOKING Heroism.
  7786 | Lair:1   | Noticed a cane toad
  7789 | Lair:1   | Reached XP level 11. HP: 68/68 MP: 12/15
  7790 | Lair:1   | Received a gift from Okawaru
  7791 | Lair:1   | Reached skill level 11 in Axes
  7793 | Lair:1   | Reached skill level 6 in Invocations
  7808 | Lair:1   | Reached skill level 3 in Dodging
  7978 | Lair:1   | 7978 ||| INVOKING Heroism.
  7988 | Lair:1   | Reached skill level 9 in Fighting
  8021 | Lair:1   | 8021 ||| INVOKING Heroism.
  8064 | Lair:1   | 8064 ||| INVOKING Heroism.
  8163 | Lair:1   | 8163 ||| INVOKING Heroism.
  8196 | Lair:1   | Reached skill level 6 in Armour
  8197 | Lair:1   | Reached ***** piety under Okawaru
  8205 | Lair:1   | Received a gift from Okawaru
  8454 | Lair:1   | 8454 ||| DROPPING orb of energy.
  8455 | Lair:1   | 8455 ||| READING 2 scrolls labelled QOSTRI NUNE.
  8473 | Lair:1   | 8473 ||| READING 3 scrolls of identify.
  8473 | Lair:1   | 8473 ||| IDENTIFYING sapphire potion
  8474 | Lair:1   | 8474 ||| DROPPING potion of brilliance.
  8516 | Lair:2   | 8516 ||| INVOKING Heroism.
  8527 | Lair:2   | Reached skill level 9 in Invocations
  8601 | Lair:2   | 8601 ||| Stepping ~*~*~tactically~*~*~ (stealth).
  8603 | Lair:2   | 8603 ||| Stepping ~*~*~tactically~*~*~ (stealth).
  8609 | Lair:2   | 8609 ||| Stepping ~*~*~tactically~*~*~ (stealth).
  8613 | Lair:2   | 8613 ||| Stepping ~*~*~tactically~*~*~ (stealth).
  8621 | Lair:2   | 8621 ||| INVOKING Heroism.
  8635 | Lair:2   | Reached XP level 12. HP: 76/76 MP: 16/19
  8655 | Lair:2   | 8655 ||| Stepping ~*~*~tactically~*~*~ (stealth).
  8656 | Lair:2   | 8656 ||| Stepping ~*~*~tactically~*~*~ (stealth).
  8661 | Lair:2   | 8661 ||| Stepping ~*~*~tactically~*~*~ (stealth).
  8662 | Lair:2   | 8662 ||| Stepping ~*~*~tactically~*~*~ (stealth).
  8663 | Lair:2   | 8663 ||| Stepping ~*~*~tactically~*~*~ (stealth).
  8664 | Lair:2   | 8664 ||| Stepping ~*~*~tactically~*~*~ (stealth).
  8691 | Lair:2   | Received a gift from Okawaru
  8815 | Lair:2   | 8815 ||| Stepping ~*~*~tactically~*~*~ (stealth).
  8829 | Lair:2   | 8829 ||| INVOKING Heroism.
  8952 | Lair:2   | 8952 ||| INVOKING Heroism.
  8956 | Lair:2   | Reached skill level 12 in Axes
  9042 | Lair:2   | 9042 ||| INVOKING Heroism.
  9058 | Lair:2   | Received a gift from Okawaru
  9628 | Lair:3   | Found a staircase to the Snake Pit.
  9644 | Lair:3   | 9644 ||| INVOKING Heroism.
  9745 | Lair:3   | 9745 ||| INVOKING Heroism.
  9747 | Lair:3   | 9747 ||| Stepping ~*~*~tactically~*~*~ (hiding).
  9819 | Lair:3   | 9819 ||| INVOKING Heroism.
  9863 | Lair:3   | 9863 ||| INVOKING Heroism.
  9878 | Lair:3   | Received a gift from Okawaru
  9913 | Lair:3   | 9913 ||| Stepping ~*~*~tactically~*~*~ (stealth).
  9915 | Lair:3   | 9915 ||| Stepping ~*~*~tactically~*~*~ (stealth).
  9916 | Lair:3   | 9916 ||| Stepping ~*~*~tactically~*~*~ (stealth).
  9918 | Lair:3   | 9918 ||| INVOKING Heroism.
  9935 | Lair:3   | Reached skill level 13 in Axes
 10710 | Lair:4   | Noticed a death yak
 10711 | Lair:4   | 10711 ||| INVOKING Heroism.
 10711 | Lair:4   | Noticed a death yak
 10711 | Lair:4   | Noticed a seven-headed hydra
 10712 | Lair:4   | 10712 ||| INVOKING Finesse.
 10713 | Lair:4   | Received a gift from Okawaru
 10714 | Lair:4   | Noticed a death yak
 10714 | Lair:4   | Noticed a death yak
 10716 | Lair:4   | Noticed a death yak
 10722 | Lair:4   | Killed a death yak
 10723 | Lair:4   | 10723 ||| SWAPPING to +2 morningstar of holy wrath.
 10724 | Lair:4   | Killed a seven-headed hydra
 10725 | Lair:4   | Reached XP level 13. HP: 82/82 MP: 13/20
 10725 | Lair:4   | 10725 ||| SWAPPING to +0 vampiric war axe.
 10769 | Lair:4   | Received a gift from Okawaru
 10770 | Lair:4   | Reached skill level 14 in Axes
 10782 | Lair:4   | 10782 ||| INVOKING Finesse.
 10786 | Lair:4   | 10786 ||| INVOKING Heroism.
 10833 | Lair:4   | 10833 ||| INVOKING Heroism.
 10951 | Lair:4   | 10951 ||| INVOKING Heroism.
 10953 | Lair:4   | 10953 ||| Stepping ~*~*~tactically~*~*~ (stealth).
 10954 | Lair:4   | 10954 ||| Stepping ~*~*~tactically~*~*~ (stealth).
 10955 | Lair:4   | 10955 ||| Stepping ~*~*~tactically~*~*~ (stealth).
 10958 | Lair:4   | 10958 ||| SWAPPING to +2 morningstar of holy wrath.
 10965 | Lair:4   | 10965 ||| SWAPPING to +0 vampiric war axe.
 11020 | Lair:4   | 11020 ||| INVOKING Heroism.
 11045 | Lair:4   | Received a gift from Okawaru
 11116 | Lair:4   | 11116 ||| Stepping ~*~*~tactically~*~*~ (stealth).
 11117 | Lair:4   | 11117 ||| INVOKING Heroism.
 11328 | Lair:4   | Received a gift from Okawaru
 11393 | Lair:4   | 11393 ||| Stepping ~*~*~tactically~*~*~ (stealth).
 11395 | Lair:4   | 11395 ||| Stepping ~*~*~tactically~*~*~ (stealth).
 11397 | Lair:4   | 11397 ||| INVOKING Heroism.
 11840 | Lair:4   | 11840 ||| UPGRADING to amulet of regeneration.
 11850 | Lair:4   | 11850 ||| DROPPING amulet of the acrobat.
 11851 | Lair:4   | 11851 ||| READING 6 scrolls of identify.
 11851 | Lair:4   | 11851 ||| IDENTIFYING sedimented pink potion
 11894 | Lair:5   | Entered Level 5 of the Lair of Beasts
 11895 | Lair:5   | 11895 ||| INVOKING Heroism.
 11921 | Lair:5   | 11921 ||| INVOKING Heroism.
 11941 | Lair:5   | Found a staircase to the Slime Pits.
 12024 | Lair:5   | 12024 ||| INVOKING Heroism.
 12050 | Lair:5   | Reached skill level 15 in Axes
 12050 | Lair:5   | Gained mutation: Your large and strong wings let you fly.
                  | [Gargoyle growth]
 12050 | Lair:5   | Reached XP level 14. HP: 89/90 MP: 21/21
 12114 | Lair:5   | 12114 ||| Stepping ~*~*~tactically~*~*~ (stealth).
 12116 | Lair:5   | 12116 ||| INVOKING Heroism.
 12117 | Lair:5   | 12117 ||| INVOKING Finesse.
 12123 | Lair:5   | 12123 ||| SWAPPING to +2 morningstar of holy wrath.
 12125 | Lair:5   | 12125 ||| SWAPPING to +0 vampiric war axe.
 12364 | Lair:5   | 12364 ||| INVOKING Heroism.
 12365 | Lair:5   | 12365 ||| INVOKING Finesse.
 12406 | Lair:5   | Reached skill level 6 in Throwing
 12426 | Lair:5   | Reached skill level 12 in Fighting
 12469 | Lair:5   | Received a gift from Okawaru
 12474 | Lair:5   | 12474 ||| INVOKING Heroism.
 12499 | Lair:5   | 12499 ||| DROPPING +1 war axe.
 12541 | Lair:5   | 12541 ||| Stepping ~*~*~tactically~*~*~ (hiding).
 12543 | Lair:5   | 12543 ||| INVOKING Heroism.
 12570 | Lair:5   | 12570 ||| Stepping ~*~*~tactically~*~*~ (stealth).
 12571 | Lair:5   | 12571 ||| Stepping ~*~*~tactically~*~*~ (stealth).
 12651 | Lair:5   | 12651 ||| Stepping ~*~*~tactically~*~*~ (stealth).
 12676 | Lair:5   | 12676 ||| INVOKING Heroism.
 12677 | Lair:5   | 12677 ||| INVOKING Finesse.
 12680 | Lair:5   | 12680 ||| Stepping ~*~*~tactically~*~*~ (stealth).
 12759 | Lair:5   | 12759 ||| Stepping ~*~*~tactically~*~*~ (stealth).
 12777 | Lair:5   | 12777 ||| INVOKING Heroism.
 12923 | Lair:5   | 12923 ||| Stepping ~*~*~tactically~*~*~ (stealth).
 12926 | Lair:5   | 12926 ||| Stepping ~*~*~tactically~*~*~ (stealth).
 12928 | Lair:5   | 12928 ||| INVOKING Heroism.
 12929 | Lair:5   | 12929 ||| INVOKING Finesse.
 12959 | Lair:5   | 12959 ||| Stepping ~*~*~tactically~*~*~ (stealth).
 12963 | Lair:5   | 12963 ||| Stepping ~*~*~tactically~*~*~ (stealth).
 13001 | Lair:5   | 13001 ||| Stepping ~*~*~tactically~*~*~ (stealth).
 13002 | Lair:5   | 13002 ||| Stepping ~*~*~tactically~*~*~ (stealth).
 13003 | Lair:5   | 13003 ||| Stepping ~*~*~tactically~*~*~ (stealth).
 13031 | Lair:5   | Found a runed translucent door.
 13031 | Lair:5   | Found a shimmering altar of Xom.
 13031 | Lair:5   | Noticed qw's ghost (journeyman NaHu)
 13499 | Lair:5   | 13499 ||| UPGRADING to amulet of reflection.
 13509 | Lair:5   | 13509 ||| PLANNING D:1-11
 13509 | Lair:5   | 13509 ||| DROPPING amulet of regeneration.
 13510 | Lair:5   | 13510 ||| READING scroll labelled ZUHUISCHET NUWA.
 13588 | D:9      | 13588 ||| Stepping ~*~*~tactically~*~*~ (hiding).
 13932 | D:9      | Reached skill level 16 in Axes
 14007 | D:9      | Noticed Erolcha
 14008 | D:9      | 14008 ||| INVOKING Heroism.
 14020 | Abyss:1  | Cast into level 1 of the Abyss (Erolcha)
 14050 | Abyss:1  | 14050 ||| Stepping ~*~*~tactically~*~*~ (stealth).
 14051 | Abyss:1  | 14051 ||| Stepping ~*~*~tactically~*~*~ (stealth).
 14053 | Abyss:1  | 14053 ||| Stepping ~*~*~tactically~*~*~ (stealth).
 14054 | Abyss:1  | 14054 ||| Stepping ~*~*~tactically~*~*~ (stealth).
 14103 | Abyss:1  | Noticed a tentacled starspawn
 14108 | Abyss:1  | 14108 ||| INVOKING Heroism.
 14113 | Abyss:1  | Killed a tentacled starspawn
 14120 | Abyss:1  | HP: 21/92 [smoke demon/divine providence (12)]
 14121 | Abyss:1  | 14121 ||| READING 2 scrolls of teleportation.
 14121 | Abyss:1  | HP: 10/92 [smoke demon/divine providence (11)]
 14122 | Abyss:1  | 14122 ||| DRINKING 9 potions of heal wounds.
 14128 | Abyss:1  | 14128 ||| Stepping ~*~*~tactically~*~*~ (stealth).
 14136 | Abyss:1  | 14136 ||| Stepping ~*~*~tactically~*~*~ (stealth).
 14201 | Abyss:1  | 14201 ||| Stepping ~*~*~tactically~*~*~ (stealth).
 14269 | Abyss:1  | 14269 ||| Stepping ~*~*~tactically~*~*~ (stealth).
 14272 | Abyss:1  | 14272 ||| Stepping ~*~*~tactically~*~*~ (stealth).
 14330 | Abyss:1  | Noticed a tentacled starspawn
 14331 | Abyss:1  | 14331 ||| Stepping ~*~*~tactically~*~*~ (stealth).
 14345 | Abyss:1  | Found a corrupted altar of Lugonu.
 14353 | Abyss:1  | 14353 ||| Stepping ~*~*~tactically~*~*~ (stealth).
 14356 | Abyss:1  | Noticed a green very ugly thing
 14387 | Abyss:1  | Killed a green very ugly thing
 14392 | Abyss:1  | Paralysed by an air elemental for 1 turns
 14394 | Abyss:1  | 14394 ||| INVOKING Heroism.
 14411 | Abyss:1  | Reached skill level 9 in Armour
 14420 | Abyss:1  | 14420 ||| Stepping ~*~*~tactically~*~*~ (stealth).
 14422 | Abyss:1  | 14422 ||| Stepping ~*~*~tactically~*~*~ (stealth).
 14423 | Abyss:1  | 14423 ||| Stepping ~*~*~tactically~*~*~ (stealth).
 14426 | Abyss:1  | 14426 ||| INVOKING Heroism.
 14552 | Abyss:1  | 14552 ||| Stepping ~*~*~tactically~*~*~ (stealth).
 14568 | Abyss:1  | Received a gift from Okawaru
 14628 | Abyss:1  | Noticed a black draconian
 14629 | Abyss:1  | 14629 ||| Stepping ~*~*~tactically~*~*~ (stealth).
 14631 | Abyss:1  | 14631 ||| Stepping ~*~*~tactically~*~*~ (hiding).
 14644 | Abyss:1  | 14644 ||| INVOKING Heroism.
 14672 | Abyss:1  | HP: 20/92 [black draconian/+0 halberd (5)]
 14673 | Abyss:1  | 14673 ||| READING scroll of teleportation.
 14674 | Abyss:1  | 14674 ||| DRINKING 8 potions of heal wounds.
 14773 | Abyss:2  | Noticed a purple very ugly thing
 14794 | Abyss:2  | Killed a purple very ugly thing
 14796 | Abyss:2  | 14796 ||| INVOKING Heroism.
 14836 | Abyss:2  | HP: 18/92 [demonic crawler (12)]
 14837 | Abyss:2  | 14837 ||| DRINKING 7 potions of heal wounds.
 14853 | Abyss:2  | 14853 ||| Stepping ~*~*~tactically~*~*~ (stealth).
 14853 | Abyss:2  | Noticed an Executioner
 14854 | Abyss:2  | 14854 ||| INVOKING Heroism.
 14859 | Abyss:2  | HP: 21/92 [Executioner (9)]
 14860 | Abyss:2  | 14860 ||| DRINKING 6 potions of heal wounds.
 14866 | Abyss:2  | HP: 23/92 [Executioner (7)]
 14867 | Abyss:2  | 14867 ||| DRINKING 5 potions of heal wounds.
 14871 | Abyss:2  | Killed an Executioner
 14872 | Abyss:2  | Reached XP level 15. HP: 36/98 MP: 22/22
 14874 | D:9      | Escaped the Abyss
 14875 | D:9      | HP: 24/98 [freezing wraith (7)]
 14875 | D:9      | HP: 4/98 [freezing wraith (20)]
 14876 | D:9      | 14876 ||| DRINKING 4 potions of heal wounds.
 14881 | D:9      | HP: 14/98 [something (18)]
 14882 | D:9      | 14882 ||| DRINKING 3 potions of heal wounds.
 14886 | D:9      | Killed Erolcha
 14886 | D:9      | Received a gift from Okawaru
 15405 | D:10     | Entered Level 10 of the Dungeon
 15407 | D:10     | 15407 ||| Stepping ~*~*~tactically~*~*~ (stealth).
 15412 | D:10     | Noticed Amaemon
 15414 | D:10     | 15414 ||| STAIRDANCE
 15466 | D:10     | Killed Amaemon
 15702 | D:10     | 15702 ||| Stepping ~*~*~tactically~*~*~ (stealth).
 15704 | D:10     | 15704 ||| Stepping ~*~*~tactically~*~*~ (hiding).
 15714 | D:10     | 15714 ||| Stepping ~*~*~tactically~*~*~ (hiding).
 15741 | D:10     | Noticed Psyche
 15745 | D:10     | 15745 ||| FLEEEEING.
 15746 | D:10     | 15746 ||| FLEEEEING.
 15776 | D:10     | Killed Psyche
 15814 | D:10     | 15814 ||| FLEEEEING.
 15820 | D:10     | 15820 ||| FLEEEEING.
 15821 | D:10     | 15821 ||| FLEEEEING.
 15822 | D:10     | 15822 ||| FLEEEEING.
 15823 | D:10     | 15823 ||| FLEEEEING.
 15824 | D:10     | 15824 ||| FLEEEEING.
 15825 | D:10     | 15825 ||| STAIRDANCE
 15971 | D:9      | 15971 ||| UPGRADING to ring of protection from fire.
 15973 | D:9      | 15973 ||| READING scroll labelled ROCRIC MENNIRCH.
 16239 | D:10     | Noticed Snorg
 16247 | D:10     | 16247 ||| INVOKING Heroism.
 16248 | D:10     | Killed Snorg
 16249 | D:10     | Reached skill level 9 in Shields
 16259 | D:10     | Found a shimmering blue altar of Sif Muna.
 16285 | D:10     | Identified the +9 long sword of the Lettuce {pain, rF+
                  | Dex+3}
 16405 | D:11     | 16405 ||| Stepping ~*~*~tactically~*~*~ (stealth).
 16479 | D:11     | 16479 ||| Stepping ~*~*~tactically~*~*~ (hiding).
 16483 | D:11     | 16483 ||| Stepping ~*~*~tactically~*~*~ (hiding).
 16613 | D:11     | Received a gift from Okawaru
 16793 | D:11     | 16793 ||| Stepping ~*~*~tactically~*~*~ (hiding).
 17184 | D:11     | 17184 ||| PLANNING D
 17184 | D:11     | 17184 ||| UPGRADING to +0 plate armour.
 17194 | D:11     | 17194 ||| DROPPING +0 chain mail.
 17195 | D:11     | 17195 ||| READING scroll labelled GUCUDU NONA.
 17195 | D:11     | Identified a scroll of acquirement
 17195 | D:11     | 17195 ||| ACQUIRING 901 gold pieces
 17195 | D:11     | Acquired 901 gold pieces
 17263 | D:12     | 17263 ||| Stepping ~*~*~tactically~*~*~ (hiding).
 17264 | D:12     | 17264 ||| INVOKING Heroism.
 17439 | D:12     | 17439 ||| INVOKING Heroism.
 17636 | D:12     | Identified the ring "Bokhlet" {rN+ Str+6}
 17836 | D:12     | 17836 ||| INVOKING Heroism.
 17984 | D:12     | Received a gift from Okawaru
 18008 | D:12     | 18008 ||| Stepping ~*~*~tactically~*~*~ (stealth).
 18121 | D:12     | Found a staircase to the Orcish Mines.
 18180 | D:12     | 18180 ||| Stepping ~*~*~tactically~*~*~ (hiding).
 18241 | D:12     | Noticed Kirke
 18242 | D:12     | 18242 ||| INVOKING Heroism.
 18258 | D:12     | 18258 ||| FLEEEEING.
 18259 | D:12     | 18259 ||| FLEEEEING.
 18260 | D:12     | 18260 ||| FLEEEEING.
 18261 | D:12     | Noticed a sphinx
 18261 | D:12     | 18261 ||| FLEEEEING.
 18262 | D:12     | 18262 ||| FLEEEEING.
 18263 | D:12     | 18263 ||| FLEEEEING.
 18268 | D:12     | 18268 ||| FLEEEEING.
 18269 | D:12     | 18269 ||| FLEEEEING.
 18270 | D:12     | 18270 ||| FLEEEEING.
 18271 | D:12     | 18271 ||| FLEEEEING.
 18272 | D:12     | 18272 ||| STAIRDANCE
 18374 | D:11     | 18374 ||| UPGRADING to ring "Bokhlet" {rN+ Str+6}.
 18376 | D:11     | 18376 ||| DROPPING +6 ring of dexterity.
 18377 | D:11     | 18377 ||| DROPPING +6 ring of intelligence.
 18378 | D:11     | 18378 ||| UPGRADING to +4 ring of protection.
 18380 | D:11     | 18380 ||| READING 11 scrolls of identify.
 18380 | D:11     | 18380 ||| IDENTIFYING murky ruby potion
 18381 | D:11     | 18381 ||| DROPPING potion of invisibility.
 18384 | D:12     | 18384 ||| INVOKING Heroism.
 18386 | D:12     | 18386 ||| STAIRDANCE
 18497 | D:12     | 18497 ||| INVOKING Heroism.
 18507 | D:12     | 18507 ||| STAIRDANCE
 18509 | D:11     | 18509 ||| FLEEEEING.
 18510 | D:11     | 18510 ||| FLEEEEING.
 18511 | D:11     | 18511 ||| FLEEEEING.
 18512 | D:11     | 18512 ||| FLEEEEING.
 18513 | D:11     | 18513 ||| FLEEEEING.
 18518 | D:11     | 18518 ||| FLEEEEING.
 18519 | D:11     | 18519 ||| FLEEEEING.
 18520 | D:11     | 18520 ||| FLEEEEING.
 18521 | D:11     | 18521 ||| FLEEEEING.
 18522 | D:11     | 18522 ||| FLEEEEING.
 18523 | D:11     | 18523 ||| FLEEEEING.
 18524 | D:11     | 18524 ||| FLEEEEING.
 18525 | D:11     | 18525 ||| FLEEEEING.
 18526 | D:11     | 18526 ||| FLEEEEING.
 18840 | D:12     | Received a gift from Okawaru
 18937 | D:12     | Noticed Rupert
 18938 | D:12     | 18938 ||| INVOKING Heroism.
 18941 | D:12     | 18941 ||| DRINKING 5 potions of curing.
 18941 | D:12     | 18941 ||| (to cure confusion)
 18955 | D:12     | Killed Rupert
 19020 | D:13     | 19020 ||| STAIRDANCE
 19114 | D:13     | Found a large runed translucent door.
 19115 | D:13     | Found a large runed translucent door.
 19150 | D:13     | Found a transporter.
 19152 | D:13     | 19152 ||| INVOKING Heroism.
 19154 | D:13     | Noticed Xyoprad's ghost (journeyman FoFi)
 19155 | D:13     | 19155 ||| SWAPPING to -1 demon whip of venom.
 19158 | D:13     | 19158 ||| SWAPPING to +0 vampiric war axe.
 19207 | D:13     | Found a transporter.
 19978 | D:14     | 19978 ||| STAIRDANCE
 20157 | D:14     | 20157 ||| INVOKING Heroism.
 20168 | D:14     | HP: 21/100 [white ugly thing (19)]
 20169 | D:14     | 20169 ||| READING scroll of teleportation.
 20170 | D:14     | 20170 ||| DRINKING 2 potions of heal wounds.
 20202 | D:14     | Reached skill level 12 in Armour
 20335 | D:15     | Entered Level 15 of the Dungeon
 20359 | D:15     | Noticed Louise
 20360 | D:15     | 20360 ||| INVOKING Heroism.
 20366 | D:15     | 20366 ||| Stepping ~*~*~tactically~*~*~ (hiding).
 20403 | D:15     | Killed Louise
 20413 | D:15     | 20413 ||| Stepping ~*~*~tactically~*~*~ (stealth).
 20436 | D:15     | 20436 ||| INVOKING Heroism.
 20580 | D:15     | Received a gift from Okawaru
 20581 | D:15     | Reached XP level 16. HP: 107/107 MP: 23/23
 20582 | D:15     | 20582 ||| Stepping ~*~*~tactically~*~*~ (stealth).
 20593 | D:15     | 20593 ||| INVOKING Heroism.
 20618 | D:15     | Reached skill level 15 in Fighting
 20636 | D:15     | Found a staircase to the Depths.
 20669 | D:15     | 20669 ||| INVOKING Heroism.
 20707 | D:15     | HP: 18/108 [skeletal warrior/+0 long sword (17)]
 20708 | D:15     | 20708 ||| DRINKING potion of heal wounds.
 20714 | D:15     | Received a gift from Okawaru
 20780 | D:15     | 20780 ||| Stepping ~*~*~tactically~*~*~ (stealth).
 20781 | D:15     | 20781 ||| Stepping ~*~*~tactically~*~*~ (stealth).
 20796 | D:15     | 20796 ||| Stepping ~*~*~tactically~*~*~ (stealth).
 20797 | D:15     | 20797 ||| Stepping ~*~*~tactically~*~*~ (stealth).
 20870 | D:15     | 20870 ||| Stepping ~*~*~tactically~*~*~ (stealth).
 20872 | D:15     | 20872 ||| Stepping ~*~*~tactically~*~*~ (stealth).
 20880 | D:15     | 20880 ||| Stepping ~*~*~tactically~*~*~ (stealth).
 20906 | D:15     | 20906 ||| UPGRADING to +1 helmet of see invisible.
 20911 | D:15     | 20911 ||| UPGRADING to +0 tower shield.
 20921 | D:15     | 20921 ||| DROPPING +0 buckler.
 20929 | D:15     | 20929 ||| Stepping ~*~*~tactically~*~*~ (hiding).
 20930 | D:15     | 20930 ||| Stepping ~*~*~tactically~*~*~ (hiding).
 20931 | D:15     | 20931 ||| Stepping ~*~*~tactically~*~*~ (hiding).
 20932 | D:15     | 20932 ||| Stepping ~*~*~tactically~*~*~ (hiding).
 20933 | D:15     | 20933 ||| INVOKING Heroism.
 21027 | D:14     | 21027 ||| Stepping ~*~*~tactically~*~*~ (stealth).
 21033 | D:14     | 21033 ||| Stepping ~*~*~tactically~*~*~ (stealth).
 21035 | D:14     | 21035 ||| INVOKING Heroism.
 21098 | D:14     | Identified the +0 ring mail of Juati {rElec rCorr}
 21099 | D:14     | 21099 ||| Stepping ~*~*~tactically~*~*~ (hiding).
 21101 | D:14     | 21101 ||| Stepping ~*~*~tactically~*~*~ (hiding).
 21108 | D:14     | 21108 ||| Stepping ~*~*~tactically~*~*~ (stealth).
 21114 | D:14     | 21114 ||| INVOKING Heroism.
 21128 | D:14     | 21128 ||| INVOKING Heroism.
 21153 | D:14     | Paralysed by an ogre mage for 2 turns
 21310 | D:14     | Found a gate to the Vaults.
 21337 | D:14     | 21337 ||| UPGRADING to +2 plate armour of cold resistance.
 21347 | D:14     | 21347 ||| DROPPING +0 plate armour.
 21348 | D:14     | 21348 ||| UPGRADING to amulet of faith.
 21358 | D:14     | 21358 ||| DROPPING amulet of guardian spirit.
 21359 | D:14     | 21359 ||| READING scroll labelled ZEMIUX WIAXEM.
 21453 | D:15     | 21453 ||| Stepping ~*~*~tactically~*~*~ (hiding).
 21454 | D:15     | 21454 ||| Stepping ~*~*~tactically~*~*~ (hiding).
 21455 | D:15     | 21455 ||| Stepping ~*~*~tactically~*~*~ (hiding).
 21462 | D:15     | 21462 ||| INVOKING Heroism.
 21511 | D:15     | 21511 ||| Stepping ~*~*~tactically~*~*~ (stealth).
 21598 | D:14     | 21598 ||| READING scroll of enchant weapon.
 21598 | D:14     | 21598 ||| ENCHANTING +0 vampiric war axe.
 21609 | D:14     | Found a runed translucent gate.
 21610 | D:14     | Found a runed translucent gate.
 21611 | D:14     | Found a runed translucent gate.
 21612 | D:14     | Noticed qw's ghost (journeyman GrHs)
 21810 | D:14     | Found a viscous altar of Jiyva.
 22287 | D:15     | Reached skill level 12 in Shields
 22336 | D:15     | 22336 ||| Stepping ~*~*~tactically~*~*~ (hiding).
 22545 | D:15     | Found a runed translucent door.
 22664 | D:15     | 22664 ||| FLEEEEING.
 22665 | D:15     | 22665 ||| FLEEEEING.
 22670 | D:15     | 22670 ||| Stepping ~*~*~tactically~*~*~ (hiding).
 22672 | D:15     | 22672 ||| INVOKING Heroism.
 22848 | D:15     | 22848 ||| INVOKING Heroism.
 22852 | D:15     | Paralysed by a floating eye for 3 turns
 22993 | D:15     | 22993 ||| INVOKING Heroism.
 23022 | D:15     | 23022 ||| PLANNING ORC
 23022 | D:15     | 23022 ||| DROPPING +1 cloak.
 23091 | Orc:1    | Entered Level 1 of the Orcish Mines
 23092 | Orc:1    | 23092 ||| INVOKING Heroism.
 23092 | Orc:1    | Noticed Josephine
 23116 | Orc:1    | 23116 ||| STAIRDANCE
 23118 | D:12     | 23118 ||| INVOKING Heroism.
 23119 | D:12     | Killed Josephine
 23212 | Orc:1    | 23212 ||| STAIRDANCE
 23214 | D:12     | 23214 ||| INVOKING Heroism.
 23346 | Orc:1    | 23346 ||| INVOKING Heroism.
 23352 | Orc:1    | Received a gift from Okawaru
 23528 | Orc:2    | Entered Level 2 of the Orcish Mines
 23530 | Orc:2    | Noticed Azrael
 23531 | Orc:2    | 23531 ||| INVOKING Heroism.
 23557 | Orc:2    | Killed Azrael
 23601 | Orc:2    | 23601 ||| INVOKING Heroism.
 23626 | Orc:2    | 23626 ||| DROPPING +5 heavy war axe.
 23666 | Orc:2    | 23666 ||| INVOKING Heroism.
 23692 | Orc:2    | Slain by an orc warlord

Levels and vault maps discovered:
D:1:      dpeg_arrival_lava_altar, layout_loops_ring,
          hellmonk_ecumenical_altar_dog_temple
D:2:      layout_basic, kennysheep_potato
D:3:      layout_loops_ring, kennysheep_generic_room_5
D:4:      layout_gridville, minmay_temple_entry_stoned_glass
D:5:      layout_loops_ring, minmay_fire_ice_demons, uniq_eustachio
D:6:      layout_gridville, grunt_qazlal_clouds, serial_glass, glass_columns_b,
          glass_columns_a, minmay_checkerbox, uniq_maggie,
          uniq_crazy_yiuf_cottage
D:7:      layout_rooms, minmay_mini_ossuary
D:8:      layout_basic, chei_slow_surprise, lair_entry_dummy, uniq_joseph,
          uniq_maurice
D:9:      layout_roguey, uniq_erolcha
D:10:     layout_basic, old_standard_altar, nrook_loot_triangle, uniq_amaemon,
          uniq_psyche, uniq_snorg
D:11:     layout_gridville, special_room [special_room_orc]
D:12:     layout_roguey, orc_0_dummy, uniq_rupert, uniq_kirke
D:13:     layout_layer_cave, gammafunk_ghost_arena, lightli_elemental_guards
D:14:     kennysheep_funnel, layout_rooms, grunt_vaults_entry_fortified,
          serial_rivers, chequers_serial_rivers_micro_c,
          chequers_serial_rivers_room_a, chequers_serial_rivers_micro_d,
          chequers_serial_rivers_micro_e, chequers_serial_rivers_micro_a,
          gammafunk_ghost_ooze
D:15:     hangedman_depths_entry_civil_slaughter, layout_cave_pools,
          minmay_misc_feat_rugged, minivault_13, uniq_louise
Temple:   nicolae_temple_bog_church
Lair:1:   wad_woods_structure_01, layout_big_grid, beast_lair_carwin_10,
          lemuel_fruit_fields
Lair:2:   layout_long_grid, nicolae_shoals_entry_flooding, st_stairs_6,
          roderic_carrion_pond
Lair:3:   layout_cave_pods, guppyfry_snake_entry_island, grunt_megastairs_1
Lair:4:   layout_loops_ring, st_stairs_6, chequers_serial_rivers_room_b,
          chequers_serial_rivers_small_b, grunt_megastairs_3
Lair:5:   minmay_lair_end_enchanted_forest, layout_regular_city, slime_entry_1,
          ebering_ghost_xom, lemuel_fruit_fields, lemuel_fruit_fields,
          lemuel_fruit_fields
Orc:1:    layout_caves, serial_shops, shop, hellmonk_ghost_happy_afterlife,
          portal_ice_cave_demonic_guard, uniq_josephine
Orc:2:    st_orc_rangers, layout_caves, minmay_orc_treasury, uniq_azrael

Skill      XL: |  1  2  3  4  5  6  7  8  9 10 11 12 13 14 15 16 |
---------------+-------------------------------------------------+-----
Axes           | 2 3 4 5 6 7 8 9 10 11 13 15 16 | 16.0
Fighting       | 4 7 8 9 10 11 13 14 15 | 15.0
Dodging        | 1 2 3 4 5 |  5.0
Invocations    | 2 4 5 9 10 | 10.0
Throwing       | 2 3 4 6 |  6.3
Shields        | 4 6 7 8 9 14 | 14.3
Armour         | 4 5 6 7 8 9 12 | 12.2

Action                     |  1- 3 |  4- 6 |  7- 9 | 10-12 | 13-15 | 16-18 || total
---------------------------+-------+-------+-------+-------+-------+-------++-------
  Melee: War axe           |   117 |   100 |   315 |   525 |  1617 |   450 ||  3124
         Morningstar       |       |       |       |       |     6 |       ||     6
         Unarmed           |       |       |       |       |    12 |       ||    12
         Demon whip        |       |       |       |       |     2 |       ||     2
  Throw: Javelin           |       |       |    54 |    81 |   200 |    15 ||   350
         Boomerang         |       |       |       |       |    20 |    25 ||    45
 Invoke: Heroism           |       |       |    11 |    20 |    35 |    17 ||    83
         Finesse           |       |       |       |     1 |     5 |       ||     6
    Use: Scroll            |       |     5 |    12 |     2 |     8 |     2 ||    29
         Potion            |       |     2 |     4 |     2 |     9 |     1 ||    18
 Armour: Scale mail        |    63 |    49 |    59 |       |       |       ||   171
         Chain mail        |       |       |   136 |   287 |   539 |       ||   962
         Plate armour      |       |       |       |       |   182 |   235 ||   417
  Dodge: Dodged            |    57 |    42 |   127 |   241 |   563 |   139 ||  1169
         Repelled          |       |       |     3 |     6 |     5 |     4 ||    18
  Block: Buckler           |    25 |    12 |    72 |   160 |   624 |    39 ||   932
         Reflection        |       |       |       |       |    17 |    16 ||    33
         Other             |       |       |       |       |     1 |       ||     1
         Tower shield      |       |       |       |       |       |   379 ||   379

Table legend:
 A = Non-vault XP
 B = Vault XP
 C = Vault XP percentage of total XP
 D = Non-vault monster count
 E = Vault monster count
 F = Vault count percentage of total count
                 A         B        C        D         E       F
            +---------+---------+-------+---------+---------+-------
      Total |  122229 |   54419 |  30.8 |     539 |     225 |  29.5
            +---------+---------+-------+---------+---------+-------
        D:1 |      31 |       4 |  11.4 |      21 |       2 |   8.7
        D:2 |      28 |      14 |  33.3 |      10 |       2 |  16.7
        D:3 |      79 |     142 |  64.3 |      10 |       1 |   9.1
        D:4 |     477 |       0 |   0.0 |      27 |       0 |   0.0
        D:5 |     602 |     243 |  28.8 |      21 |       3 |  12.5
        D:6 |     505 |     609 |  54.7 |      17 |       5 |  22.7
        D:7 |    1379 |      22 |   1.6 |      22 |       5 |  18.5
        D:8 |    1046 |     935 |  47.2 |      26 |       3 |  10.3
        D:9 |    5324 |     874 |  14.1 |      34 |       1 |   2.9
       D:10 |    1421 |    2512 |  63.9 |      11 |       4 |  26.7
       D:11 |    5307 |     570 |   9.7 |      23 |      18 |  43.9
       D:12 |   13919 |    4637 |  25.0 |      46 |      11 |  19.3
       D:13 |    3371 |       0 |   0.0 |      13 |       0 |   0.0
       D:14 |    7303 |    6978 |  48.9 |      14 |      11 |  44.0
       D:15 |   15502 |   11109 |  41.7 |      30 |      14 |  31.8
     Lair:1 |    5009 |    5056 |  50.2 |      17 |      21 |  55.3
     Lair:2 |    4751 |    1173 |  19.8 |      20 |       7 |  25.9
     Lair:3 |    6665 |    1203 |  15.3 |      20 |       5 |  20.0
     Lair:4 |   17200 |    1814 |   9.5 |      47 |       7 |  13.0
     Lair:5 |   15330 |    8563 |  35.8 |      49 |      46 |  48.4
      Orc:1 |    4299 |     194 |   4.3 |      25 |       1 |   3.8
      Orc:2 |     651 |    7767 |  92.3 |      12 |      58 |  82.9
    Abyss:1 |    7527 |       0 |   0.0 |      19 |       0 |   0.0
    Abyss:2 |    4503 |       0 |   0.0 |       5 |       0 |   0.0
            +---------+---------+-------+---------+---------+-------
